 Dungeon Crawl Stone Soup version 0.16.2-2-g470672f (webtiles) character file.

103 CrazyArbalest the Bolt Thrower (level 4, -1/37 HPs)
             Began as a Centaur Hunter on Aug 22, 2015.
             Killed from afar by an orc wizard (14 damage)
             ... with a puff of flame
             ... on level 2 of the Dungeon.
             The game lasted 00:07:25 (2128 turns).

CrazyArbalest the Bolt Thrower (Centaur Hunter)     Turns: 2128, Time: 00:07:25

Health: -1/37      AC:  5    Str: 14    XL:     4   Next: 51%
Magic:  3/3        EV:  8    Int: 10    God:
Gold:   153        SH:  0    Dex: 11    Spells: 0 memorised, 3 levels left

rFire  . . .     SeeInvis .     b - +1 hand crossbow
rCold  . . .     Clarity  .     i - +0 ring mail
rNeg   . . .     SustAb   .     (no shield)
rPois  .         Gourm    .     (no helmet)
rElec  .         Spirit   .     (no cloak)
rCorr  .         Warding  .     (no gloves)
rMut   .         Stasis   .     (no barding)
MR     .....                    (no amulet)
Stlth  ..........               (no ring)
                                (no ring)

@: very quick, not resistant to hostile enchantments, extremely unstealthy
A: hooves 3, deformed body, speed 2, tough skin 3
a: no special abilities


You were on level 2 of the Dungeon.
You were hungry.

You visited 1 branch of the dungeon, and saw 3 of its levels.

You collected 153 gold pieces.

Inventory:

Hand weapons
 a - a +0 whip
 b - a +1 hand crossbow (weapon)
Missiles
 c - 9 bolts (quivered)
 o - 13 bolts of flame
Armour
 d - a +0 leather armour
 i - a +0 ring mail (worn)
 m - a +0 ring mail
Jewellery
 e - an uncursed amulet of resist mutation {unknown}
 p - an uncursed ring of sustain abilities {unknown}
Scrolls
 l - 2 scrolls of immolation {unknown}
 n - a scroll of enchant weapon {unknown}
 q - a scroll of remove curse {unknown}
 t - a scroll of teleportation {unknown}
Potions
 g - a potion of cancellation {unknown}
 k - a potion of resistance {unknown}
 r - a potion of curing {unknown}
Books
 s - a Fen Folio

   Spells                             Type                      Level
   a - Corpse Rot                     Necromancy                   2
   b - Stone Arrow                    Conjuration/Earth            3
   c - Leda's Liquefaction            Hexes/Earth                  4
   d - Summon Forest                  Summoning/Translocation      5
   e - Hydra Form                     Transmutation                6
   f - Summon Hydra                   Summoning                    7
Comestibles
 f - 3 bread rations
 h - a chunk of flesh
 j - 2 slices of pizza


   Skills:
 + Level 2.5 Fighting
 + Level 0.8 Maces & Flails
 * Level 5.6 Crossbows
 + Level 0.5 Armour
 + Level 1.6 Dodging
 + Level 0.8 Stealth


You had 3 spell levels left.
You didn't know any spells.

Dungeon Overview and Level Annotations

Branches:
Dungeon (3/15)

Altars:
Xom


Innate Abilities, Weirdness & Mutations

You have hooves in place of feet.
Armour fits poorly on your strangely shaped body.
You cover ground very quickly.
You have extremely tough skin (AC +3).


Message History

Aim: an orc wizard, wielding a dagger and wearing a robe (moderately wounded, fast)
You shoot a bolt. The bolt hits the orc wizard.
The orc wizard is heavily wounded.
The orc wizard hits you but does no damage.
The orc wizard barely misses you.
Firing (i - inventory. (,) - cycle):
c - 11 bolts (quivered)
Press: ? - help, Shift-Dir - straight line, f/p - orc wizard
Aim: an orc wizard, wielding a dagger and wearing a robe (heavily wounded, fast)
You shoot a bolt.
The bolt hits the orc wizard but does no damage.
The orc wizard is heavily wounded.
The orc wizard hits you but does no damage.
Firing (i - inventory. (,) - cycle):
c - 10 bolts (quivered)
Press: ? - help, Shift-Dir - straight line, f/p - orc wizard
Aim: an orc wizard, wielding a dagger and wearing a robe (heavily wounded, fast)
You shoot a bolt. The bolt hits the orc wizard.
The orc wizard is severely wounded.
The orc wizard gestures at you while chanting.
The puff of flame hits you!
You die...

#.##...##.###.#
#.##...##.# #.#
#.##...##.# #.#
#..'...'..# #.#
#.##...#### #.#
#........####.#
#.............####
#.######.#......)(
#@o......()......)
########..........
#..........
#..........
#..........
#..........
#..........
###########........
#......# #........


You could see an orc wizard.

Vanquished Creatures
  3 gnolls (D:2)
  2 adders (D:2)
  A giant mite (D:2)
  A worm (D:2)
  A giant gecko (D:1)
  8 bats
  5 giant cockroaches
  3 hobgoblins
  2 giant newts (D:2)
  7 goblins
  7 kobolds
  5 rats
45 creatures vanquished.

Notes
Turn   | Place    | Note
--------------------------------------------------------------
     0 | D:1      | CrazyArbalest, the Centaur Hunter, began the quest for the Orb.
     0 | D:1      | Reached XP level 1. HP: 17/17 MP: 1/1
   306 | D:1      | Reached XP level 2. HP: 24/24 MP: 2/2
   596 | D:1      | Reached skill level 5 in Crossbows
  1301 | D:2      | Reached XP level 3. HP: 27/29 MP: 3/3
  1644 | D:2      | Reached XP level 4. HP: 35/37 MP: 3/3
  1910 | D:2      | Found a shimmering altar of Xom.
  2128 | D:2      | Killed from afar by an orc wizard

Action                   |  1- 3 |  4- 6 || total
-------------------------+-------+-------++-------
Melee: Whip              |   143 |    11 ||   154
 Fire: Hand crossbow     |    10 |    14 ||    24
  Eat: Chunk             |     1 |     1 ||     2
